 Dungeon Crawl Stone Soup version 0.31-a0-259-g771a54ca4b (webtiles) character file.

Game seed: 14022602222269202747

653 qw the Skirmisher (level 7, -2/59 HPs)
             Began as a Minotaur Hexslinger on July 13, 2023.
             Succumbed to a scorpion's poison
             ... on level 4 of the Dungeon.
             The game lasted 00:01:44 (3351 turns).

qw the Skirmisher (Minotaur Hexslinger)             Turns: 3351, Time: 00:01:45

Health: -2/59      AC:  7    Str: 13    XL:     7   Next: 29%
Magic:  7/7        EV: 12    Int: 10    God:
Gold:   246        SH:  0    Dex: 14    Spells: 7/8 levels left

rFire   . . .        Y - +2 sling
rCold   . . .        (no shield)
rNeg    . . .        e - +2 leather armour {Will+}
rPois   .            (helmet restricted)
rElec   .            h - +0 cloak
rCorr   .            (no gloves)
SInv    .            c - +0 pair of boots
Will    +....        (no amulet)
Stlth   +            (no ring)
HPRegen 0.29/turn    (no ring)
MPRegen 0.10/turn

%: no passive effects
@: lethally poisoned (-2 -> -26), about to teleport
A: horns 2, retaliatory headbutt
a: no special abilities


You were on level 4 of the Dungeon.
You visited 1 branch of the dungeon, and saw 4 of its levels.
You also visited: Sewer.

You collected 246 gold pieces.


Innate Abilities, Weirdness & Mutations

You have a pair of horns on your head.
You reflexively headbutt those who attack you in melee.


   Skills:
 + Level 4.0 Fighting
 - Level 8.1 Ranged Weapons
 - Level 1.0 Armour
 - Level 2.1 Dodging
 - Level 1.0 Spellcasting
 - Level 2.0 Hexes


You had 7 spell levels left.
You knew the following spells:

 Your Spells              Type           Power      Damage    Failure   Level
a - Slow                  Hex            16%        N/A       19%         1

Your spell library contained the following spells:

 Spells                   Type           Power      Damage    Failure   Level
 Inner Flame              Hex/Fire       2%         N/A       65%         3
 Portal Projectile        Hex/Tloc       4%         N/A       65%         3
 Cause Fear               Hex            2%         N/A       88%         4

Inventory:

Hand Weapons
 Y - a +2 sling (weapon)
Armour
 c - a +0 pair of boots (worn)
 e - a +2 leather armour of willpower (worn)
 f - a +0 pair of gloves
 h - a +0 cloak (worn)
Scrolls
 a - 2 scrolls of identify
 g - a scroll of noise {unknown}
 i - a scroll of amnesia {unknown}
Potions
 b - a potion of cancellation {unknown}
 j - a potion of degeneration {unknown}
 k - a potion of berserk rage {unknown}
 l - a potion of magic {unknown}

Dungeon Overview and Level Annotations

Branches:
Dungeon (4/15)              Sewer (visited)
 Temple: D:4-7

Altars:
Hepliaklqana

Shops:
D:1 :


Message History

The scorpion stings you but does no damage.
You shoot a sling bullet.
The sling bullet barely misses the scorpion.
You feel very sick. The scorpion stings you. The scorpion closely misses you.
You shoot a sling bullet. The sling bullet hits the scorpion.
The scorpion is moderately wounded.
You feel very sick.
The scorpion stings you but does no damage.
You shoot a sling bullet.
The sling bullet hits the scorpion but does no damage.
The scorpion is moderately wounded.
You feel sick. The scorpion stings you.
You shoot a sling bullet.
The sling bullet hits the scorpion but does no damage.
The scorpion is moderately wounded.
You feel sick. The scorpion stings you.
You are more poisoned.
The scorpion poisons you!
You shoot a sling bullet.
The sling bullet barely misses the scorpion.
You feel very sick. The scorpion misses you.
You shoot a sling bullet. The sling bullet hits the scorpion.
The scorpion is severely wounded.
You feel very sick. The scorpion stings you.
You are lethally poisoned!
The scorpion poisons you!
3350 ||| READING scroll of teleportation.
As you read the scroll of teleportation, it crumbles to dust.
You feel strangely unstable.
You feel very sick. The scorpion barely misses you. The scorpion stings you.
You are more poisoned.
The scorpion poisons you!
You shoot a sling bullet.
The sling bullet hits the scorpion but does no damage.
The scorpion is severely wounded.
You die...

..#####.# ###PP# #........ #P
.#P..#########.# #.. ..P...P
##'# ##.# ..^.^#P #...
....^###....P.. #... #. #.#
#^.#..P..P.# #... #. #.#
#.^sP..!# #... ##.##.# #.@.#
#... #.....# ###%.#########
#... #.....#####..####...)).##
#... #.....##..^P##.......#..#
#...
#.....#..####........##.####...
#.....#.##...........##...##
###.....%..................####
###.##.###############.#....#
#....# #.####.#


You could see a scorpion.

Vanquished Creatures
  Pargi (Sewer)
  4 scorpions (D:4)
  2 orc priests (D:3)
  A jelly (D:4)
  Ijyb (D:4)
  A gnoll (D:2)
  10 adders
  3 worms
  A dart slug (D:2)
  5 orcs
  8 ball pythons
  6 endoplasms
  5 giant cockroaches
  6 goblins
  9 hobgoblins
  5 jackals (D:2)
  4 quokkas
  12 bats
  8 frilled lizards
  8 kobolds
  10 rats
110 creatures vanquished.

Notes
Turn   | Place    | Note
-------+----------+-------------------------------------------
     0 | D:1      | qw the Minotaur Hexslinger began the quest for the Orb.
     0 | D:1      | Reached XP level 1. HP: 16/16 MP: 1/1
     0 | D:1      | 0 ||| qw: Version: 0.3-a-52-g30416fa
     0 | D:1      | 0 ||| qw: Game counter: 6865
     0 | D:1      | 0 ||| qw: Melee chars always use a shield: true
     0 | D:1      | 0 ||| qw: God list: Okawaru
     0 | D:1      | 0 ||| qw: Allow faded altars: false
     0 | D:1      | 0 ||| qw: Do Orc after clearing Dungeon:15 true
     0 | D:1      | 0 ||| qw: Do second Lair branch before Depths: true
     0 | D:1      | 0 ||| qw: Lair rune preference: random
     0 | D:1      | 0 ||| qw: Goals: Normal
     0 | D:1      | 0 ||| PLANNING D:1-11
    42 | D:1      | Found Wuafeus's Book Emporium.
   146 | D:1      | Reached skill level 3 in Ranged Weapons
   148 | D:1      | Reached XP level 2. HP: 22/23 MP: 2/2
   258 | D:1      | HP: 6/24 [quokka (1)]
   666 | D:1      | Reached XP level 3. HP: 29/29 MP: 3/3
   900 | D:1      | 900 ||| UPGRADING to +2 leather armour of willpower.
   910 | D:1      | 910 ||| DROPPING +0 robe.
   911 | D:1      | 911 ||| UPGRADING to +0 cloak.
   916 | D:1      | 916 ||| READING 2 scrolls labelled XORYOD YPLU.
   917 | D:1      | 917 ||| READING scroll labelled UGANAU QAFUC.
   918 | D:1      | 918 ||| DROPPING scroll of poison.
   973 | D:2      | Found a hazy altar of Hepliaklqana.
   992 | D:2      | Reached skill level 4 in Ranged Weapons
  1024 | D:2      | Reached XP level 4. HP: 22/36 MP: 4/4
  1362 | D:2      | Reached skill level 5 in Ranged Weapons
  1437 | D:2      | 1437 ||| READING scroll labelled LOAHON YSAWUQEGE.
  1441 | D:2      | 1441 ||| READING scroll labelled BEPOBL TUFUUG.
  1442 | D:2      | 1442 ||| READING scroll labelled GIMOGR OXKA.
  1443 | D:2      | 1443 ||| READING scroll labelled LIFOLI DANGOWN.
  1444 | D:2      | 1444 ||| READING 2 scrolls of identify.
  1444 | D:2      | 1444 ||| IDENTIFYING metallic ruby potion
  1445 | D:2      | 1445 ||| DROPPING potion of lignification.
  1453 | D:3      | 1453 ||| PLANNING SEWER
  1469 | D:3      | 1469 ||| Stepping ~*~*~tactically~*~*~ (outnumbered).
  1476 | D:3      | Reached skill level 3 in Fighting
  1477 | D:3      | Reached XP level 5. HP: 27/45 MP: 5/5
  1764 | D:3      | Found a glowing drain.
  1765 | D:3      | 1765 ||| READING scroll labelled SIDGHI CUDI.
  1863 | Sewer    | Entered a sewer
  1913 | Sewer    | Noticed Pargi
  1927 | Sewer    | Killed Pargi
  1928 | Sewer    | Reached skill level 6 in Ranged Weapons
  1928 | Sewer    | Reached XP level 6. HP: 21/51 MP: 6/6
  2063 | Sewer    | 2063 ||| DRINKING 2 fuming sapphire potions.
  2064 | Sewer    | 2064 ||| DROPPING potion of invisibility.
  2082 | D:3      | 2082 ||| PLANNING D:1-11
  2400 | D:3      | Reached skill level 1 in Armour
  2453 | D:3      | 2453 ||| UPGRADING to +0 pair of boots.
  2751 | D:4      | Noticed Ijyb
  2779 | D:4      | Killed Ijyb
  3125 | D:4      | Reached skill level 7 in Ranged Weapons
  3125 | D:4      | HP: 13/52 [poisoned by a scorpion]
  3126 | D:4      | Reached XP level 7. HP: 14/59 MP: 7/7
  3130 | D:4      | HP: 11/59 [poisoned by a scorpion]
  3342 | D:4      | Reached skill level 8 in Ranged Weapons
  3349 | D:4      | HP: 13/59 [poisoned by a scorpion]
  3350 | D:4      | 3350 ||| READING scroll of teleportation.
  3350 | D:4      | HP: 5/59 [poisoned by a scorpion]
  3351 | D:4      | Succumbed to a scorpion's poison

Levels and vault maps discovered:
D:1:      sevenhm_arrival_forest_fort_large_2, layout_loops_ring, serial_shops,
          nicolae_shop_rolling_square, minmay_pentomino_o2
D:2:      layout_rooms, basic_altar, hangedman_feature_mirror
D:3:      layout_loops_cross, cheibrodos_sewer_entry_bend, minmay_puff
D:4:      old_forge, layout_basic, grunt_dithmenos_smoke_and_mirrors,
          grunt_ministairs_8, uniq_ijyb

Skill      XL: |  1  2  3  4  5  6  7 |
---------------+----------------------+-----
Ranged Weapons | 3 4 5 6 7 8 |  8.1
Fighting       | 2 3 4 |  4.0
Armour         | 1 |  1.0
Dodging        | |  2.1
Spellcasting   | |  1.0
Hexes          | |  2.0

Action                     |  1- 3 |  4- 6 |  7- 9 || total
---------------------------+-------+-------+-------++-------
   Fire: Sling             |   109 |   199 |    37 ||   345
    Use: Scroll            |     2 |     6 |     1 ||     9
         Potion            |       |     1 |       ||     1
 Armour: Robe              |     6 |       |       ||     6
         Leather armour    |     9 |    25 |    14 ||    48
  Dodge: Dodged            |    48 |    57 |    20 ||   125

Table legend:
 A = Non-vault XP
 B = Vault XP
 C = Vault XP percentage of total XP
 D = Non-vault monster count
 E = Vault monster count
 F = Vault count percentage of total count
                 A         B        C        D         E       F
            +---------+---------+-------+---------+---------+-------
      Total |     363 |     571 |  61.1 |      84 |      26 |  23.6
            +---------+---------+-------+---------+---------+-------
        D:1 |      47 |       2 |   4.1 |      30 |       1 |   3.2
        D:2 |      79 |      21 |  21.0 |      23 |       6 |  20.7
        D:3 |     143 |      18 |  11.2 |      23 |       6 |  20.7
        D:4 |      94 |     398 |  80.9 |       8 |      12 |  60.0
      Sewer |       0 |     132 | 100.0 |       0 |       1 | 100.0
            +---------+---------+-------+---------+---------+-------
